 Dungeon Crawl Stone Soup version 0.21.1-1-g345015fe64 (webtiles) character file.

758 BrokenGlass the Ruffian (level 7, -1/49 HPs)
             Began as an Octopode Fighter on Feb 17, 2018.
             Slain by an orc
             ... wielding a +0 flail
              (5 damage)
             ... on level 3 of the Dungeon.
             The game lasted 00:03:34 (3695 turns).

BrokenGlass the Ruffian (Octopode Fighter)          Turns: 3695, Time: 00:03:34

Health: -1/49      AC:  1    Str: 17    XL:     7   Next: 80%
Magic:  16/16      EV: 14    Int: 12    God:
Gold:   196        SH:  0    Dex: 12    Spells: 6/6 levels left

rFire    . . .     SeeInvis .     - Unarmed
rCold    . . .     Gourm    .   (no shield)
rNeg     . . .     Faith    .   (helmet restricted)
rPois    .         Spirit   .   (no amulet)
rElec    .         Reflect  .   j - +2 ring of intelligence
rCorr    +         Harm     .   g - ring of magical power
MR       +....                  l - ring of resist corrosion
Stlth    ++........             i - ring of protection from magic
HPRegen  0.16/turn              (no ring)
MPRegen  0.15/turn              (no ring)
                                (no ring)
                                (no ring)

@: no status effects
A: almost no armour, stealthy swim, amphibious, 8 rings, constrict 8, camouflage
1, gelatinous body 1
a: no special abilities


You were on level 3 of the Dungeon.
You were hungry.

You visited 1 branch of the dungeon, and saw 4 of its levels.

You collected 196 gold pieces.

Inventory:

Armour
 a - a +0 shield
Jewellery
 g - a ring of magical power (right tentacle)
 i - a ring of protection from magic (on tentacle)
 j - a +2 ring of intelligence (left tentacle)
 l - a ring of resist corrosion (on tentacle)
Wands
 s - a wand of random effects (33)
 v - a wand of iceblast (10)
Scrolls
 e - 2 scrolls of remove curse
 h - a scroll of teleportation {unknown}
 m - a scroll of enchant weapon {unknown}
 o - a scroll of identify
 p - a scroll of amnesia {unknown}
 q - a scroll of noise {unknown}
 r - a scroll of blinking {unknown}
 u - a scroll of immolation {unknown}
Potions
 b - 2 potions of might
 d - 2 potions of curing {unknown}
 f - 2 potions of berserk rage {unknown}
 k - a potion of resistance
 n - a potion of heal wounds
Comestibles
 c - 9 rations


   Skills:
 * Level 4.7 Fighting
 - Level 3.0 Dodging
 - Level 3.0 Shields
 + Level 7.8 Unarmed Combat


You had 6 spell levels left.
You didn't know any spells.

Dungeon Overview and Level Annotations

Branches:
Dungeon (4/15)
 Temple: D:4-7

Altars:
Nemelex Xobeh


Innate Abilities, Weirdness & Mutations

You cannot wear most types of armour.
You are very stealthy in the water. (Stealth+)
You are amphibious.
You can wear up to eight rings at the same time.
You can use your tentacles to constrict eight enemies at once.
Your skin changes colour to match your surroundings (Stealth+).
Your rubbery body absorbs attacks. (AC +1, EV +1)


Message History

There are monsters nearby!
There are monsters nearby!
Unknown command.
The orc priest looks satisfied for a moment.
The orc priest invokes the aid of Beogh against you.
Beogh smites you!
* * * LOW HITPOINT WARNING * * *
Things that are here:
a club; an orc skeleton
There is a stone staircase leading up here.
The orc barely misses you.
You climb upwards.
There is a stone staircase leading down here.
Unknown command.
Things that are here:
a robe; a dagger; a club
There is a stone staircase leading down here.
You closely miss the orc. Your grab misses the orc.
The orc hits you with a flail.
You die...

### #.# # ##.#####
# ##......# #
#.o.....# #
###.#@[...# #
#...#.....## #
#.###......#####
#[#
#..........#######
##>#
#.....####..<.....
#..###.....)#
##.......
#......####.##
#.......
######.......#
######## #.#####.#
###..


You could see an orc.

Vanquished Creatures
  Grinder (D:3)
  Sigmund (D:2)
  A hound (D:4)
  2 orc priests
  5 orc wizards
  Robin (D:4)
  4 gnolls
  4 adders
  2 oozes (D:2)
  2 worms
  A dart slug (D:3)
  A leopard gecko (D:4)
  5 orcs
  2 giant cockroaches
  21 goblins
  12 hobgoblins
  A jackal (D:1)
  A kobold (D:2)
  9 bats
  5 frilled lizards
  7 rats
88 creatures vanquished.

Notes
Turn   | Place    | Note
-------+----------+-------------------------------------------
     0 | D:1      | BrokenGlass the Octopode Fighter began the quest for the Orb.
     0 | D:1      | Reached XP level 1. HP: 16/16 MP: 1/1
   308 | D:1      | Reached XP level 2. HP: 21/21 MP: 2/2
   448 | D:1      | Reached skill level 3 in Unarmed Combat
   746 | D:2      | Reached XP level 3. HP: 26/26 MP: 3/3
   872 | D:2      | Reached skill level 4 in Unarmed Combat
   950 | D:2      | Reached XP level 4. HP: 21/31 MP: 4/4
   980 | D:2      | Noticed Sigmund
  1183 | D:2      | Killed Sigmund
  1183 | D:2      | Reached skill level 5 in Unarmed Combat
  1183 | D:2      | Reached XP level 5. HP: 36/36 MP: 5/5
  1195 | D:2      | Reached skill level 6 in Unarmed Combat
  1196 | D:2      | Found a sparkling altar of Nemelex Xobeh.
  1505 | D:3      | Reached XP level 6. HP: 30/42 MP: 6/6
  1609 | D:3      | Noticed Grinder
  1706 | D:3      | Killed Grinder
  1706 | D:3      | Reached skill level 7 in Unarmed Combat
  1706 | D:3      | Reached XP level 7. HP: 46/46 MP: 7/7
  1722 | D:3      | Found a faded altar of an unknown god.
  2395 | D:4      | Noticed Robin
  2418 | D:4      | Killed Robin
  3679 | D:4      | HP: 2/49 [orc priest/divine providence (13)]
  3695 | D:3      | Slain by an orc

Skill      XL: |  1  2  3  4  5  6  7 |
---------------+----------------------+-----
Unarmed Combat | 3 4 5 6 7 |  7.8
Fighting       | 4 |  4.7
Dodging        | |  3.0
Shields        | |  3.0

Action                   |  1- 3 |  4- 6 |  7- 9 || total
-------------------------+-------+-------+-------++-------
Melee: Unarmed           |    57 |    54 |    91 ||   202
       Constrict         |    21 |    13 |    21 ||    55
       Tentacles         |    10 |    10 |    16 ||    36
       Punch             |     2 |     1 |     6 ||     9
  Use: Scroll            |       |       |     4 ||     4
 Stab: Sleeping          |    13 |     2 |       ||    15
  Eat: Chunk             |       |     2 |     6 ||     8
Armor: Skin              |     4 |     5 |     8 ||    17
Dodge: Dodged            |    31 |    54 |    60 ||   145
